Map: Ruins of Seras

Players

MCanning

  • Race: Protoss Protoss
  • League: Grandmaster

puCK (Nina) - Winner!

  • Race: Protoss Protoss
  • League: Grandmaster

VOD

https://www.youtube.com/watch?v=H-6dRdmBr1A

Description

MCanning opens with Double Adept against puCK's fast expand. He gets a few Probe kills and follows up with an Oracle. Both players transition into Stalkers in the mid-game as MCanning keeps the pressure on by Blinking into puCK's main. puCK begins his 3rd base slightly before MCanning with a 20 supply advantage, which he uses to cancel MCanning's Nexus with a soft contain.

MCanning is able to even out the supply as both players move to Stalker-Disruptor compositions. A prolonged engagement of Disruptor shots back and forth end with a big fight and advantage for MCanning. puCK begins to trade by sending his Stalkers to attack MCanning's empty base.

puCK gets enough Disruptors to even out the fight again and takes the advantage when he takes out MCanning's 4th base. They begins to trade bases, and MCanning taps out soon after.

Time

  • Played on: Dec. 19, 2015, 6:04 a.m.
  • Length: 19:37
Show
View Real Time Build Order
Export as new Build Order

MCanning Protoss 

Build Orders: Oracle Opening, Stalker Disruptor 

Get SALT Encoding   

  12  0:01  Probe (Chrono Boost)  
  13  0:12  Probe (Chrono Boost)  
  14  0:20  Pylon  
  14  0:22  Probe (Chrono Boost)  
  15  0:39  Probe (Chrono Boost)  
  15  0:41  Gateway  
  16  0:49  Probe (Chrono Boost)  
  17  0:50  Assimilator  
  17  0:55  Assimilator  
  17  1:00  Probe (Chrono Boost)  
  18  1:10  Gateway, Probe (Chrono Boost)  
  19  1:21  Probe (Chrono Boost)  
  20  1:28  Cybernetics Core  
  20  1:31  Probe (Chrono Boost)  
  21  1:42  Probe (Chrono Boost)  
  21  1:45  Pylon  
  22  1:52  Probe (Chrono Boost)  
  23  2:04  Probe (Chrono Boost)  
  23  2:08  Adept x2 (Chrono Boost)  
  30  2:15  Mothership Core, Warp Gate  
  30  2:26  Stargate  
  30  2:32  Pylon  
  30  2:59  Nexus  
  30  3:11  Oracle (Chrono Boost)  
  33  3:21  Probe  
  34  3:31  Twilight Council  
  34  3:33  Probe  
  35  3:43  Pylon  
  35  3:45  Probe  
  34  3:57  Probe  
  35  4:07  Pylon  
  35  4:09  Probe  
  36  4:11  Probe, Blink (Chrono Boost)  
  37  4:18  Sentry  
  37  4:21  Probe x2  
  37  4:23  Stalker  
  43  4:32  Probe  
  43  4:33  Probe  
  45  4:42  Probe  
  46  4:46  Probe  
  46  4:47  Gateway  
  46  4:48  Gateway  
  46  4:51  Gateway  
  47  4:53  Probe  
  47  4:58  Probe, Gateway  
  49  5:04  Assimilator  
  49  5:12  Pylon  
  49  5:19  Stalker  
  49  5:20  Stalker  
  53  5:32  Probe  
  54  5:35  Robotics Facility  
  54  5:44  Stalker x2  
  54  5:46  Stalker x3  
  64  6:02  Stalker  
  66  6:08  Stalker  
  66  6:09  Stalker x2  
  66  6:10  Stalker  
  72  6:25  Probe  
  72  6:27  Probe  
  74  6:35  Assimilator  
  74  6:38  Probe (Chrono Boost)  
  74  6:39  Warp Prism (Chrono Boost)  
  77  6:42  Probe (Chrono Boost)  
  78  6:47  Robotics Bay  
  78  6:48  Forge, Pylon  
  78  6:54  Pylon  
  78  6:55  Pylon  
  78  7:06  Probe x2 (Chrono Boost)  
  80  7:17  Pylon  
  80  7:19  Protoss Ground Weapons Level 1 (Chrono Boost)  
  78  7:23  Nexus  
  78  7:24  Pylon  
  75  7:33  Disruptor (Chrono Boost)  
  75  7:36  Robotics Facility  
  78  7:41  Adept x3  
  84  7:51  Stalker  
  86  8:01  Stalker x2, Pylon  
  86  8:04  Pylon  
  90  8:08  Observer (Chrono Boost)  
  85  8:14  Photon Cannon  
  85  8:19  Stalker x2  
  89  8:21  Pylon  
  89  8:23  Disruptor (Chrono Boost)  
  89  8:25  Pylon  
  92  8:32  Disruptor (Chrono Boost)  
  93  8:45  Nexus, Pylon  
  93  8:53  Stalker  
  93  8:55  Disruptor (Chrono Boost)  
  98  8:58  Probe  
  99  9:03  Pylon  
  99  9:05  Protoss Ground Weapons Level 2 (Chrono Boost)  
  99  9:06  Disruptor (Chrono Boost)  
  102  9:16  Stalker x2  
  106  9:21  Probe  
  107  9:26  Probe  
  105  9:37  Stalker x2  
  109  9:45  Disruptor (Chrono Boost)  
  112  9:47  Probe  
  112  9:49  Disruptor (Chrono Boost)  
  116  10:00  Adept  
  116  10:03  Probe  
  119  10:10  Stalker x3  
  125  10:18  Stalker  
  125  10:19  Stalker  
  125  10:20  Probe  
  130  10:29  Stalker  
  130  10:33  Probe  
  136  10:35  Assimilator  
  136  10:36  Probe, Disruptor (Chrono Boost)  
  136  10:38  Assimilator  
  137  10:44  Stalker  
  137  10:45  Stalker  
  138  10:52  Disruptor (Chrono Boost)  
  141  11:07  Probe  
  141  11:08  Photon Cannon  
  141  11:10  Photon Cannon  
  142  11:12  Stalker x4  
  150  11:21  Zealot  
  150  11:22  Stargate  
  150  11:23  Zealot  
  151  11:37  Stalker  
  151  11:38  Stalker x3  
  159  11:43  Oracle (Chrono Boost)  
  144  11:56  Stalker x2  
  144  11:59  Disruptor  
  147  12:12  Disruptor  
  144  12:22  Stalker x4  
  154  12:31  Stalker  
  154  12:32  Stalker  
  154  12:35  Nexus  
  158  12:38  Pylon  
  156  13:08  Stalker x4  
  161  13:15  Robotics Facility  
  161  13:18  Photon Cannon  
  157  13:22  Photon Cannon  
  157  13:24  Photon Cannon  
  157  13:26  Robotics Facility  
  152  13:27  Pylon  
  152  13:35  Photon Cannon  
  152  13:36  Pylon  
  150  13:54  Pylon  
  149  14:03  Stalker  
  149  14:04  Stalker x3  
  149  14:09  Pylon x2  
  157  14:11  Pylon  
  155  14:30  Observer (Chrono Boost)  
  154  14:43  Stalker  
  154  14:49  Observer (Chrono Boost)  
  155  14:52  Pylon  
  155  14:53  Nexus  
  155  14:56  Pylon  
  155  14:57  Oracle  
  155  15:00  Pylon  
  157  15:21  Stalker x5  
  159  15:22  Nexus  
  159  15:23  Pylon  
  159  15:25  Pylon  
  159  15:26  Zealot  
  159  15:28  Oracle  
  168  15:36  Probe  
  162  15:55  Robotics Bay  
  162  15:59  Stalker x2, Robotics Facility  
  162  16:00  Stalker  
  168  16:12  Probe  
  169  16:21  Probe  
  169  16:22  Probe  
  159  16:29  Probe  
  158  16:35  Stalker x2  
  158  16:36  Stalker x2  
  162  16:41  Zealot  
  121  17:00  Stalker x3  
  118  17:24  Stalker x2  
  116  17:57  Stalker x2, Pylon  
  116  17:58  Stalker x2, Nexus  
  124  18:04  Pylon  
  122  18:14  Probe  
  122  18:16  Zealot  
  126  18:21  Observer (Chrono Boost), Photon Cannon  
  126  18:23  Photon Cannon  
  126  18:25  Probe  
  127  18:29  Zealot  
  118  18:45  Probe  
  118  18:48  Probe  
  123  18:52  Disruptor (Chrono Boost)  
  118  19:11  Assimilator  
  118  19:18  Assimilator  
Show
View Real Time Build Order
Export as new Build Order

puCK Protoss - Winner!

Build Orders: Nexus First, Immortal Disruptor Stalker 

Get SALT Encoding   

  12  0:01  Probe (Chrono Boost)  
  13  0:11  Probe (Chrono Boost)  
  14  0:19  Pylon  
  14  0:22  Probe (Chrono Boost)  
  15  0:37  Probe (Chrono Boost)  
  16  0:48  Probe (Chrono Boost)  
  17  0:58  Nexus  
  17  1:09  Gateway  
  17  1:13  Probe (Chrono Boost)  
  18  1:18  Assimilator  
  18  1:23  Probe (Chrono Boost)  
  19  1:26  Assimilator  
  19  1:33  Pylon  
  19  1:37  Probe (Chrono Boost)  
  20  1:46  Gateway  
  21  1:58  Cybernetics Core  
  21  2:00  Probe (Chrono Boost)  
  21  2:10  Probe x2 (Chrono Boost)  
  23  2:21  Probe x2 (Chrono Boost)  
  25  2:31  Probe (Chrono Boost)  
  25  2:34  Stalker x2 (Chrono Boost)  
  29  2:37  Warp Gate (Chrono Boost)  
  29  2:39  Probe  
  29  2:42  Probe  
  31  2:51  Mothership Core  
  33  2:53  Pylon  
  33  3:06  Stalker (Chrono Boost)  
  33  3:10  Stalker (Chrono Boost)  
  36  3:19  Probe x2  
  38  3:31  Probe x2  
  40  3:37  Robotics Facility  
  40  3:43  Probe (Chrono Boost)  
  40  3:46  Probe (Chrono Boost)  
  39  3:55  Probe (Chrono Boost)  
  40  4:00  Probe (Chrono Boost)  
  41  4:05  Probe (Chrono Boost)  
  41  4:06  Pylon  
  41  4:08  Pylon  
  41  4:09  Probe (Chrono Boost)  
  42  4:16  Gateway, Probe  
  44  4:19  Probe  
  44  4:21  Gateway  
  45  4:26  Observer  
  45  4:28  Probe  
  45  4:29  Probe  
  45  4:40  Probe  
  45  4:41  Probe  
  47  4:50  Probe  
  47  4:51  Observer  
  47  4:52  Adept x2  
  53  4:53  Probe  
  54  5:01  Probe  
  54  5:04  Gateway  
  54  5:05  Probe, Gateway, Twilight Council  
  56  5:11  Probe, Assimilator  
  57  5:16  Assimilator  
  57  5:19  Probe  
  58  5:21  Stalker  
  58  5:23  Stalker  
  62  5:33  Immortal (Chrono Boost)  
  66  5:37  Probe  
  66  5:39  Probe  
  68  5:44  Pylon  
  68  5:46  Stalker  
  68  5:59  Stalker  
  70  6:04  Pylon  
  70  6:07  Pylon  
  70  6:08  Immortal (Chrono Boost), Pylon  
  70  6:10  Sentry x3  
  78  6:23  Blink (Chrono Boost)  
  78  6:26  Stalker  
  78  6:27  Stalker x2  
  86  6:47  Immortal (Chrono Boost)  
  86  6:50  Probe  
  87  6:55  Stalker x2, Pylon  
  87  6:56  Pylon  
  87  6:58  Probe  
  92  7:05  Probe  
  93  7:19  Nexus  
  93  7:21  Pylon  
  92  7:27  Immortal (Chrono Boost)  
  92  7:29  Probe  
  97  7:34  Forge, Robotics Bay  
  97  7:38  Stalker  
  97  7:43  Stalker  
  101  7:47  Stalker  
  101  7:49  Stalker  
  105  7:57  Robotics Facility  
  105  8:02  Adept x2  
  109  8:08  Probe  
  109  8:09  Protoss Ground Weapons Level 1 (Chrono Boost)  
  109  8:17  Probe  
  110  8:21  Photon Cannon  
  110  8:23  Probe, Disruptor  
  114  8:32  Probe x2  
  115  8:42  Probe  
  115  8:47  Photon Cannon  
  114  8:49  Photon Cannon  
  114  8:51  Probe  
  114  8:52  Probe  
  114  8:54  Probe  
  114  8:55  Disruptor  
  120  9:01  Probe  
  120  9:05  Probe  
  120  9:06  Probe  
  120  9:07  Assimilator  
  120  9:09  Assimilator  
  123  9:14  Disruptor, Dark Shrine  
  126  9:18  Pylon  
  126  9:31  Disruptor  
  124  9:49  Disruptor, Photon Cannon  
  124  9:52  Photon Cannon  
  127  9:56  Stalker x3  
  131  10:05  Stalker x2  
  131  10:06  Nexus, Disruptor  
  136  10:26  Observer  
  137  10:30  Stalker  
  137  10:31  Stalker x2  
  137  10:34  Pylon  
  140  10:35  Pylon  
  140  10:38  Pylon  
  140  10:52  Disruptor  
  140  10:55  Observer, Pylon  
  140  10:56  Pylon  
  142  11:00  Pylon  
  142  11:03  Stalker x4  
  142  11:04  Stalker x2  
  154  11:11  Pylon  
  154  11:13  Pylon, Protoss Ground Weapons Level 2 (Chrono Boost)  
  154  11:15  Pylon  
  154  11:16  Gateway  
  154  11:19  Gateway  
  154  11:22  Stargate  
  128  11:34  Disruptor (Chrono Boost)  
  128  11:36  Disruptor (Chrono Boost)  
  128  11:38  Stalker x2  
  128  11:39  Stalker x2  
  142  11:48  Probe x2  
  125  12:01  Dark Templar  
  125  12:15  Disruptor (Chrono Boost)  
  115  12:20  Disruptor (Chrono Boost)  
  110  12:25  Probe  
  108  12:32  Probe  
  108  12:33  Probe  
  107  12:38  Stalker  
  107  12:39  Stalker x4  
  107  12:41  Probe  
  107  12:42  Assimilator  
  118  12:44  Dark Templar  
  118  12:46  Assimilator  
  118  12:51  Disruptor (Chrono Boost)  
  121  13:03  Dark Templar x3  
  127  13:18  Nexus, Disruptor (Chrono Boost)  
  128  13:33  Disruptor (Chrono Boost)  
  123  13:49  Disruptor (Chrono Boost), Pylon  
  123  13:51  Pylon  
  123  13:53  Pylon  
  126  13:59  Oracle  
  129  14:08  Disruptor (Chrono Boost)  
  126  14:20  Disruptor (Chrono Boost)  
  117  14:30  Assimilator  
  110  14:31  Photon Cannon  
  110  14:33  Photon Cannon  
  110  14:34  Assimilator  
  110  14:35  Stalker x2, Photon Cannon  
  110  14:36  Stalker x2  
  110  14:37  Photon Cannon  
  118  14:39  Photon Cannon  
  118  14:44  Disruptor (Chrono Boost)  
  121  14:47  Stalker x2  
  121  14:51  Disruptor (Chrono Boost)  
  128  14:59  Stalker x3  
  133  15:01  Zealot  
  135  15:11  Stalker x2  
  139  15:18  Observer (Chrono Boost)  
  136  15:24  Stalker x2  
  136  15:28  Photon Cannon  
  138  15:49  Disruptor (Chrono Boost)  
  141  15:54  Observer (Chrono Boost)  
  142  15:58  Nexus  
  142  16:00  Pylon  
  142  16:01  Stalker x2  
  142  16:02  Pylon  
  146  16:04  Pylon x2  
  146  16:33  Disruptor (Chrono Boost)  
  143  16:54  Disruptor (Chrono Boost)  
  131  17:00  Dark Templar x5  
  130  17:05  Photon Cannon x2  
  130  17:07  Photon Cannon  
  131  17:09  Disruptor (Chrono Boost), Photon Cannon  
  131  17:14  Stalker x3  
  127  17:24  Photon Cannon  
  127  17:25  Disruptor (Chrono Boost)  
  127  17:26  Assimilator  
  127  17:29  Assimilator  
  126  17:35  Probe  
  124  17:43  Stalker, Observer (Chrono Boost)  
  124  17:44  Stalker x3  
  129  17:50  Stalker x2  
  131  17:56  Disruptor (Chrono Boost)  
  135  18:06  Disruptor (Chrono Boost)  
  135  18:09  Dark Templar  
  137  18:16  Stalker x2  
  141  18:24  Stalker x2  
  141  18:27  Disruptor (Chrono Boost)  
  128  18:44  Stalker x2  
  128  18:45  Stalker x3  
  138  18:51  Stalker  
  143  18:58  Disruptor (Chrono Boost)  
  142  19:06  Dark Templar x2  
  144  19:16  Dark Templar  
  148  19:23  Stalker x2  
Tags
 
Add a new tag
Caveats
  • Supply blocks, unpowered buildings, or Contaminate may cause inaccurate times.
  • Supply counts are checked every 10 seconds.